 Dungeon Crawl Stone Soup version 0.20.1-1-g8b1a95d (webtiles) character file.

864 dmj the Covered (level 7, 0/60 HPs)
             Began as a Minotaur Fighter on July 30, 2017.
             Slain by an orc warrior
             ... wielding a +0 trident
              (6 damage)
             ... on level 6 of the Dungeon.
             The game lasted 00:12:40 (3739 turns).

dmj the Covered (Minotaur Fighter)                  Turns: 3739, Time: 00:12:40

Health: 0/60       AC:  9    Str: 27    XL:     7   Next: 72%
Magic:  6/6        EV:  9    Int:  5    God:
Gold:   201        SH: 11    Dex: 10    Spells: 6/6 levels left

rFire    . . .     SeeInvis .   v - +2 long sword (drain)
rCold    . . .     Gourm    .   c - +0 shield
rNeg     . . .     Faith    .   b - +0 scale mail
rPois    .         Spirit   .   r - +2 hat
rElec    .         Reflect  .   (no cloak)
rCorr    .         Harm     .   (no gloves)
MR       .....                  (no boots)
Stlth    ..........             (no amulet)
Regen    0.2/turn               (no ring)
MPRegen  0.1/turn               (no ring)

@: mighty
A: retaliatory headbutt, horns 2
a: no special abilities


You were on level 6 of the Dungeon.
You were not hungry.

You visited 1 branch of the dungeon, and saw 6 of its levels.

You collected 201 gold pieces.

Inventory:

Hand Weapons
 a - a +0 war axe
 h - a +2 dagger of venom
 v - a +2 long sword of draining (weapon)
Armour
 b - a +0 scale mail (worn)
 c - a +0 shield (worn)
 r - a +2 hat (worn)
Wands
 s - a wand of random effects (19/48)
 u - a wand of polymorph (11/24)
Scrolls
 l - 2 scrolls of identify
 m - a scroll of enchant weapon {unknown}
 n - a scroll of amnesia {unknown}
 p - 2 scrolls of immolation {unknown}
 w - a scroll of enchant armour {unknown}
Potions
 d - a potion of might
 e - a potion of lignification
 g - a potion of flight {unknown}
 i - 2 potions of heal wounds
 j - a potion of haste {unknown}
 k - 2 potions of ambrosia {unknown}
 o - 2 potions of berserk rage {unknown}
 q - a potion of agility {unknown}
 t - a potion of curing {unknown}
Comestibles
 f - 3 bread rations


   Skills:
 + Level 4.8 Fighting
 + Level 3.6 Short Blades
 + Level 3.4 Axes
 + Level 7.0 Armour
 + Level 1.9 Dodging
 + Level 0.3 Stealth
 + Level 6.7 Shields


You had 6 spell levels left.
You didn't know any spells.

Dungeon Overview and Level Annotations

Branches:
Dungeon (6/15)             Temple (0/1) D:5

Altars:
Cheibriados
Okawaru
Ru


Innate Abilities, Weirdness & Mutations

You reflexively headbutt those who attack you in melee.
You have a pair of horns on your head.


Message History

The orc warrior is heavily wounded.
You block the orc warrior's attack.
You hit the orc warrior. You drain the orc warrior!
The orc warrior is severely wounded.
The orc warrior hits you with a trident!
* * * LOW HITPOINT WARNING * * *
You completely miss the orc warrior.
The orc warrior is severely wounded.
The orc warrior misses you. You furiously retaliate!
You headbutt the orc warrior, but do no damage.
The orc warrior hits you with a trident!
* * * LOW HITPOINT WARNING * * *
You block the orc warrior's attack.
You feel very mighty all of a sudden. You block the orc warrior's attack.
The orc warrior hits you but does no damage.
You barely miss the orc warrior.
The orc warrior is severely wounded.
The orc warrior hits you with a trident.
You die...

###############.######
.++............##.# #
...............##.# #
...............##.# #
.............†..#.# #
.#......#######.#.# #
........#.....#.#.# #
.######.#.###.#.#.# #
#@#.###.#.#.# #
#o#<..#.#.#.# #
##########o#####.#.#.#
#
...ooo.).o..........>#
#
##################.#.#
# #..[..######
#...........
#.....###### #.....#


You could see an orc warrior and 2 orcs.

Vanquished Creatures
  2 ice beasts (D:5)
  A phantom (D:5)
  An ogre (D:5)
  A scorpion (D:5)
  A centaur zombie (D:5)
  An orc priest (D:6)
  2 hounds
  3 orc wizards
  An iguana (D:4)
  2 worker ants
  A worker ant zombie (D:5)
  6 adders
  A shadow imp (D:5)
  An ooze (D:1)
  3 worms
  A dart slug (D:1)
  3 leopard geckos
  12 orcs
  5 bats
  6 giant cockroaches
  8 goblins
  5 hobgoblins
  2 jackals (D:1)
  2 quokkas (D:3)
  2 ball pythons (D:1)
  5 frilled lizards
  A giant cockroach zombie (D:6)
  4 kobolds
  9 rats
92 creatures vanquished.

Notes
Turn   | Place    | Note
-------+----------+-------------------------------------------
     0 | D:1      | dmj the Minotaur Fighter began the quest for the Orb.
     0 | D:1      | Reached XP level 1. HP: 19/19 MP: 0/0
    46 | D:1      | Reached XP level 2. HP: 25/27 MP: 1/1
   142 | D:1      | Reached skill level 4 in Armour
   296 | D:1      | HP: 1/27 [poisoned by a goblin]
   352 | D:1      | Reached XP level 3. HP: 28/33 MP: 2/2
   854 | D:2      | Found a sacrificial altar of Ru.
  1080 | D:2      | Reached XP level 4. HP: 40/40 MP: 3/3
  1656 | D:3      | Reached skill level 1 in Short Blades
  1815 | D:3      | Reached skill level 1 in Dodging
  1830 | D:3      | Reached XP level 5. HP: 32/46 MP: 4/4
  2187 | D:3      | Reached skill level 5 in Armour
  2385 | D:4      | Found a snail-covered altar of Cheibriados.
  2386 | D:4      | Found an iron altar of Okawaru.
  2454 | D:4      | Reached skill level 5 in Shields
  2487 | D:4      | You fall through a shaft!
  2487 | D:5      | Entered Level 5 of the Dungeon
  2503 | D:5      | Found a staircase to the Ecumenical Temple.
  2524 | D:5      | Reached XP level 6. HP: 34/53 MP: 5/5
  2645 | D:5      | Noticed an ice beast
  2673 | D:5      | Killed an ice beast
  2673 | D:5      | Reached skill level 6 in Armour
  2702 | D:5      | Reached XP level 7. HP: 28/60 MP: 6/6
  3725 | D:6      | Reached skill level 7 in Armour
  3739 | D:6      | Slain by an orc warrior

Skill      XL: |  1  2  3  4  5  6  7 |
---------------+----------------------+-----
Shields        | 4 5 6 |  6.7
Armour         | 4 5 6 7 |  7.0
Fighting       | 4 |  4.8
Axes           | 3 |  3.4
Short Blades   | 1 2 3 |  3.6
Dodging        | 1 |  1.9
Stealth        | |  0.3

Action                   |  1- 3 |  4- 6 |  7- 9 || total
-------------------------+-------+-------+-------++-------
Melee: War axe           |    39 |       |       ||    39
       Dagger            |    34 |   152 |    34 ||   220
       Headbutt          |     7 |    33 |     8 ||    48
       Long sword        |       |       |    14 ||    14
  Use: Scroll            |     2 |     1 |     2 ||     5
       Potion            |     1 |       |     2 ||     3
  Eat: Chunk             |       |     6 |       ||     6
       Bread ration      |       |       |     1 ||     1
Armor: Scale mail        |    43 |    49 |    11 ||   103
Dodge: Dodged            |    21 |    46 |    15 ||    82
Block: Shield            |    45 |    65 |    19 ||   129
       Rpst.: Long sword |       |       |     1 ||     1
